 Dungeon Crawl Stone Soup version 0.26.0-7-g794d0892b4 (webtiles) character file.

Game seed: 2314538734338539886

2951 dolemite99 the Basher (level 9, -2/99 HPs)
             Began as a Demonspawn Berserker on Jan 11, 2021.
             Was a Priest of Trog.
             Slain by Snorg (7 damage)
             ... on level 10 of the Dungeon.
             The game lasted 00:12:01 (10223 turns).

dolemite99 the Basher (Demonspawn Berserker)       Turns: 10223, Time: 00:12:02

Health: -2/99      AC: 17    Str: 21    XL:     9   Next: 51%
Magic:  0/9        EV:  8    Int:  8    God:    Trog [***...]
Gold:   299        SH:  3    Dex: 13    Spells: 8/8 levels left

rFire    + . .     SeeInvis +   a - +0 morningstar
rCold    . . .     Faith    .   D - +0 buckler
rNeg     . . .     Spirit   +   g - +0 chain mail {rF+}
rPois    .         Reflect  .   (helmet restricted)
rElec    .         Harm     .   (no cloak)
rCorr    .         Rampage  .   B - +1 pair of gloves
Will     .....                  y - +1 pair of boots
Stlth    ..........             (no amulet)
HPRegen  0.26/turn              l - +4 ring of slaying
MPRegen  0.11/turn              C - ring of see invisible

@: berserking (expiring), very quick
A: antennae 1, rugged brown scales 2, demonic guardian 1, magic shield
a: Renounce Religion, Berserk, Trog's Hand


You were on level 10 of the Dungeon.
You worshipped Trog.
Trog was most pleased with you.
You visited 1 branch of the dungeon, and saw 8 of its levels.

You collected 376 gold pieces.
You spent 77 gold pieces at shops.

Inventory:

Hand Weapons
 a - a +0 morningstar (weapon)
 b - a +0 fustibalus
 c - a cursed +1 trident of venom
 o - a +0 halberd
 p - a +0 flail
 z - a +0 hunting sling
 E - a +0 mace
 G - the cursed +2 trident "Suosabb" {vorpal, +Inv, unknown}
   (You found it on level 9 of the Dungeon)

   It inflicts extra damage upon your enemies.
   It lets you turn invisible.
   It has a curse placed upon it.
Missiles
 d - 3 javelins
 f - 172 stones
 h - 8 boomerangs
 m - a throwing net
 r - 11 sling bullets
 s - 126 arrows
 u - 25 bolts
Armour
 e - a +0 kite shield
 g - a +0 chain mail of fire resistance (worn)
 k - a +0 animal skin
 y - a +1 pair of boots (worn)
 B - a +1 pair of gloves (worn)
 D - a +0 buckler (worn)
Jewellery
 l - a +4 ring of slaying (left hand)
 C - a ring of see invisible (right hand)
Wands
 q - a wand of polymorph (4)
 H - a wand of enslavement (15)
 J - a wand of disintegration (10)
 K - a wand of iceblast (12)
 L - a wand of paralysis (5)
Scrolls
 i - 2 scrolls of remove curse {@r2}
 j - 3 scrolls of identify {unknown}
 n - 2 scrolls of fog {unknown}
 I - a scroll of teleportation {unknown}
Potions
 t - a potion of might {unknown}
 v - a potion of attraction {unknown}
 w - 2 potions of heal wounds {unknown}
 x - a potion of haste {unknown}
 A - 2 potions of degeneration {unknown}
 F - a potion of mutation {unknown}


   Skills:
 - Level 3.0 Fighting
 - Level 10.0 Maces & Flails
 + Level 7.7 Armour
 - Level 1.7 Dodging


You had 8 spell levels left.
You didn't know any spells.
Your spell library was empty.

Dungeon Overview and Level Annotations

Branches:
Dungeon (10/15)
 Temple: D:4-7         Lair: D:8-11         Orc: D:9-12

Altars:
Fedhas
Gozag
Hepliaklqana
Kikubaaqudgha
Okawaru
Qazlal
Trog
Vehumet
Wu Jian
Xom
Yredelemnul

Shops:
D:4 (

Annotations:
D:10 2 transporters, Snorg; Zdeegee's ghost, novice DsIE


Innate Abilities, Weirdness & Mutations

You have a pair of small antennae on your head.
You are mostly covered in rugged brown scales. (AC +2, +5% HP)
A weak demonic guardian rushes to your aid.
When hurt, damage is shared between your health and your magic reserves.


Message History

Snorg bites you! Snorg barely misses you. Snorg completely misses you.
You bludgeon Snorg!!
Snorg is severely wounded.
You puncture Snorg!
Snorg is severely wounded.
Snorg barely misses you. Snorg claws you but does no damage. x2
Snorg bites you!!
* * * LOW HITPOINT WARNING * * *
Snorg claws you!
* * * LOW HITPOINT WARNING * * *
Snorg claws you but does no damage.
You impale Snorg!!
Snorg is almost dead.
Snorg barely misses you. Snorg claws you!
* * * LOW HITPOINT WARNING * * *
Snorg claws you but does no damage.
You barely miss Snorg.
Snorg is almost dead.
You block Snorg's attack. Snorg claws you!
You die...

. .## ##.##### ...
........ #.#
#.###.. #.# #..
#Z# #.. #T# #..
#@##########.###..
#55...............
####.###########..
#.# #..... #.#
#.###. #.# #^# #.
#.# #.# #. #.# #.#
#. #.# #.# #.


You could see Snorg (berserk), a howler monkey skeleton, a friendly quasit
(summoned) and a friendly shadow imp (summoned).

Vanquished Creatures
  Nergalle (D:10)
  A steam dragon (D:9)
  3 yaks (D:9)
  A sky beast (D:9)
  4 phantoms
  A black bear (D:9)
  4 centaurs
  An ogre (D:9)
  2 bullfrogs
  A scorpion (D:4)
  A water moccasin skeleton (D:10)
  4 wights (D:9)
  2 quasits (D:9)
  A jelly (D:6)
  2 bullfrog skeletons
  2 orc priests
  2 hounds
  2 iguanas
  6 worker ants
  2 hound skeletons
  6 gnolls (D:3)
  2 adders
  2 shadow imps
  An ooze (D:1)
  An adder zombie (D:5)
  2 worms
  6 dart slugs
  2 leopard geckos
  27 orcs
  6 giant cockroaches
  3 goblins
  6 hobgoblins
  11 jackals
  2 quokkas
  2 ball pythons
  4 bats
  A frilled lizard (D:2)
  6 kobolds
  A leopard gecko skeleton (D:6)
  4 rats
138 creatures vanquished.

Vanquished Creatures (collateral kills)
  A bullfrog (D:6)
  A wight (D:9)
  An orc priest (D:3)
  A gnoll (D:3)
  2 orcs (D:3)
  A hobgoblin (D:3)
  A frilled lizard (D:3)
8 creatures vanquished.

Vanquished Creatures (others)
  A shadow imp (D:9)
1 creature vanquished.

Grand Total: 147 creatures vanquished

Notes
Turn   | Place    | Note
-------+----------+-------------------------------------------
     0 | D:1      | dolemite99 the Demonspawn Berserker began the quest for the
                  | Orb.
     0 | D:1      | Reached XP level 1. HP: 18/18 MP: 1/1
    71 | D:1      | Reached skill level 3 in Maces & Flails
   644 | D:1      | Gained mutation: When hurt, damage is shared between your
                  | health and your magic reserves. [demonic ancestry]
   644 | D:1      | Reached XP level 2. HP: 18/24 MP: 2/2
   995 | D:1      | Gained mutation: A weak demonic guardian rushes to your
                  | aid. [demonic ancestry]
   995 | D:1      | Reached XP level 3. HP: 29/29 MP: 3/3
  1538 | D:2      | Reached skill level 4 in Maces & Flails
  1538 | D:2      | Reached ** piety under Trog
  1880 | D:2      | Found a radiant altar of Vehumet.
  2091 | D:2      | Found an ornate altar of the Wu Jian Council.
  2123 | D:2      | You fall into a shaft and drop 2 floors!
  2133 | D:4      | Found Gucohupp's Weapon Shop.
  2140 | D:4      | Bought a +0 hunting sling for 21 gold pieces
  2844 | D:3      | Gained mutation: You have a pair of small antennae on your
                  | head. [demonic ancestry]
  2844 | D:3      | Reached XP level 4. HP: 35/35 MP: 2/4
  3077 | D:3      | Reached skill level 5 in Maces & Flails
  3147 | D:3      | Reached XP level 5. HP: 24/41 MP: 2/5
  4298 | D:3      | Found a stormy altar of Qazlal.
  4310 | D:3      | Reached *** piety under Trog
  4356 | D:3      | Found a hazy altar of Hepliaklqana.
  4357 | D:3      | Found a basalt altar of Yredelemnul.
  4527 | D:4      | Noticed a phantom
  5096 | D:4      | Killed a phantom
  5097 | D:4      | Reached skill level 6 in Maces & Flails
  5097 | D:4      | Gained mutation: You are partially covered in rugged brown
                  | scales. (AC +1, +3% HP) [demonic ancestry]
  5097 | D:4      | Reached XP level 6. HP: 45/48 MP: 6/6
  5488 | D:4      | Reached skill level 7 in Maces & Flails
  6076 | D:4      | Reached XP level 7. HP: 53/53 MP: 7/7
  6269 | D:5      | Entered Level 5 of the Dungeon
  6289 | D:5      | Found an iron altar of Okawaru.
  6821 | D:5      | Reached skill level 8 in Maces & Flails
  7778 | D:4      | Bought a +0 morningstar for 56 gold pieces
  8094 | D:6      | Found a blossoming altar of Fedhas.
  8215 | D:6      | Found an ancient bone altar of Kikubaaqudgha.
  8233 | D:6      | You fall into a shaft and drop 3 floors!
  8296 | D:9      | Reached skill level 9 in Maces & Flails
  8296 | D:9      | Gained mutation: You are mostly covered in rugged brown
                  | scales. (AC +2, +5% HP) [demonic ancestry]
  8296 | D:9      | Reached XP level 8. HP: 53/60 MP: 8/8
  8788 | D:9      | Reached skill level 10 in Maces & Flails
  8794 | D:9      | Found an opulent altar of Gozag.
  8897 | D:9      | Got a scorched trident
  8969 | D:9      | Reached skill level 5 in Armour
  8969 | D:9      | Reached XP level 9. HP: 21/66 MP: 3/9
  9424 | D:9      | Found a shimmering altar of Xom.
  9581 | D:9      | Found a bloodstained altar of Trog.
  9773 | D:10     | Entered Level 10 of the Dungeon
  9799 | D:10     | Noticed Nergalle
  9821 | D:10     | Killed Nergalle
 10060 | D:10     | Found a transporter.
 10060 | D:10     | Noticed Zdeegee's ghost (novice DsIE)
 10154 | D:10     | Found a transporter.
 10211 | D:10     | Noticed Snorg
 10222 | D:10     | HP: 4/99 [Snorg (8)]
 10223 | D:10     | Slain by Snorg

Illustrated notes

Levels and vault maps discovered:
D:1:      dpeg_arrival_arbitrary_b, layout_loops_cross, minmay_misc_feat_chi
D:2:      layout_basic, lemuel_round_altar, vehumet_crystals
D:3:      layout_basic, nicolae_overflow_hidden_temple, marbit_many_paths
D:4:      minmay_inner_zag, layout_basic, serial_shops, shop,
          cheibrodos_sewer_entry_bend, minmay_ruptured
D:5:      layout_cave_pools, lemuel_round_altar, corexii_shack,
          hangedman_decor_lopped, st_stairs_4, chequers_avenue
D:6:      layout_cave_pods, slow_altar_1, old_standard_altar,
          lemuel_doored_altar
D:9:      layout_long_grid, nicolae_gozag_cash_rules_everything_around_me,
          basic_altar, trog_book
D:10:     layout_loops_ring, gammafunk_ghost_mausoleum,
          hangedman_decor_peaks_small, dk_vineyard_2, uniq_snorg, uniq_nergalle

Skill      XL: |  1  2  3  4  5  6  7  8  9 |
---------------+----------------------------+-----
Maces & Flails | 3 4 5 6 7 9 10 | 10.0
Armour         | 5 7 |  7.7
Fighting       | |  3.0
Dodging        | |  1.7

Action                   |  1- 3 |  4- 6 |  7- 9 || total
-------------------------+-------+-------+-------++-------
Melee: Mace              |   102 |     3 |    22 ||   127
       Flail             |       |   194 |       ||   194
       Morningstar       |       |       |    66 ||    66
 Fire: Hunting sling     |    20 |     5 |       ||    25
       Fustibalus        |       |    10 |   152 ||   162
Invok: Berserk           |     4 |     3 |     4 ||    11
       Trog's Hand       |       |     2 |     2 ||     4
  Use: Potion            |       |     4 |       ||     4
       Scroll            |       |     1 |     4 ||     5
Armor: Animal skin       |    14 |     2 |       ||    16
       Chain mail        |       |   103 |   115 ||   218
Dodge: Dodged            |    57 |    54 |    62 ||   173
Block: Kite shield       |    33 |    90 |    16 ||   139
       Buckler           |       |       |    19 ||    19
